 Dungeon Crawl Stone Soup version 0.21-a0-346-g330ab2c (webtiles) character file.

25 Ijustatesigmund the Sneak (level 3, -5/19 HPs)
             Began as a Vine Stalker Assassin on Oct 5, 2017.
             Slain by a gnoll
             ... wielding a +0 spear
              (6 damage)
             ... on level 1 of the Dungeon.
             The game lasted 00:01:53 (803 turns).

Ijustatesigmund the Sneak (Vine Stalker Assassin)    Turns: 803, Time: 00:01:54

Health: -5/19      AC:  3    Str: 13    XL:     3   Next: 4%
Magic:  0/4        EV: 11    Int: 11    God:
Gold:   42         SH:  0    Dex: 16    Spells: 2/2 levels left

rFire    . . .     SeeInvis .   a - +2 dagger
rCold    . . .     Gourm    .   (no shield)
rNeg     . . .     Faith    .   c - +0 robe
rPois    .         Spirit   +   (no helmet)
rElec    .         Reflect  .   d - +0 cloak
rCorr    .         Harm     .   (no gloves)
MR       .....                  (no boots)
Stlth    +++.......             (no amulet)
HPRegen  0.06/turn              (no ring)
MPRegen  0.09/turn              (no ring)

@: very slightly contaminated, invisible
A: fangs 2, magic shield, antimagic bite, no potion heal 3, rot immunity
a: no special abilities


You were on level 1 of the Dungeon.
You were not hungry.

You visited 1 branch of the dungeon, and saw 2 of its levels.

You collected 42 gold pieces.

Inventory:

Hand Weapons
 a - a +2 dagger (weapon)
 b - a +0 blowgun
Missiles
 e - 8 poisoned needles
 f - 2 curare-tipped needles
Armour
 c - a +0 robe (worn)
 d - a +0 cloak (worn)
Scrolls
 h - a scroll of remove curse
Potions
 i - a potion of magic {unknown}
 o - a potion of flight {unknown}
Comestibles
 g - a bread ration
 k - a fruit


   Skills:
 + Level 2.5 Fighting
 + Level 2.5 Short Blades
 - Level 1.7 Throwing
 - Level 0.7 Dodging
 - Level 4.8 Stealth


You had 2 spell levels left.
You didn't know any spells.

Dungeon Overview and Level Annotations

Branches:
Dungeon (2/15)

Altars:
Nemelex Xobeh


Innate Abilities, Weirdness & Mutations

You have extremely sharp teeth.
When hurt, damage is shared between your health and your magic reserves.
Your bite disrupts and absorbs the magic of your enemies.
Potions cannot restore your health.
You are immune to rotting.


Message History

You feel invigorated.
The gnoll is severely wounded.
The gnoll hits you with a spear!
* * * LOW HITPOINT WARNING * * *
You fade into invisibility!
The gnoll misses you.
You are very lightly contaminated with residual magic.
Found a hand axe.
There is a stone staircase leading up here.
The gnoll hits you with a spear.
* * * LOW HITPOINT WARNING * * *
You climb upwards.
There is a stone staircase leading down here.
You closely miss the gnoll.
The gnoll is severely wounded.
The gnoll barely misses you.
You barely miss the gnoll.
The gnoll is severely wounded.
The gnoll hits you with a spear!
You die...

#### #..รท....# #......####.. #
#....##.# #............ #
#####.......# #............
#######...#....#..# #............
+.........###.##..###............
#.####....###..#.................
...# #....#.##)#..####........###
...# #....#.##..g.# #........# #
...###....#....>@.####........#
..........#.##.#.....####.....#
..###.....#......###.# #.....#
..........#..###.###.# #.....###
.#####....#..###.....# #####..).
.# #.......##......# ##### .#
###.###.##......# .#
#........'......#
.#####+#.###.##......#


You could see a gnoll.

Vanquished Creatures
  A leopard gecko (D:2)
  A ball python (D:1)
  4 bats
  A giant cockroach (D:1)
  3 goblins (D:1)
  4 hobgoblins (D:1)
  5 frilled lizards
  2 kobolds
  2 rats (D:1)
23 creatures vanquished.

Notes
Turn   | Place    | Note
-------+----------+-------------------------------------------
     0 | D:1      | Ijustatesigmund the Vine Stalker Assassin began the quest for the Orb.
     0 | D:1      | Reached XP level 1. HP: 11/11 MP: 2/2
    46 | D:1      | Reached XP level 2. HP: 15/15 MP: 3/3
   372 | D:1      | Found a sparkling altar of Nemelex Xobeh.
   711 | D:2      | Reached XP level 3. HP: 19/19 MP: 4/4
   803 | D:1      | Slain by a gnoll

Vault maps used:
D:1:      lightli_arrival_chessboard, nemelex_xobeh_ov_fountains_minmay
D:2:      chequers_ecumenical_altar_simple_redux, minmay_octomino_j4

Skill      XL: |  1 |
---------------+----+-----
Fighting       | 2 |  2.5
Short Blades   | 2 |  2.5
Throwing       | |  1.7
Dodging        | |  0.7
Stealth        | |  4.8

Action                   || total
-------------------------++-------
Melee: Dagger            ||    50
       Bite              ||    17
  Use: Scroll            ||     5
       Potion            ||     1
 Stab: Sleeping          ||     6
Armor: Robe              ||    10
Dodge: Dodged            ||    23

Table legend:
 A = Spawn XP
 B = Non-spawn XP
 C = Spawn XP percentage of total XP
 D = Spawn monster count
 E = Non-spawn monster count
 F = Spawn count percentage of total count
 G = Total turns spent on level
                    A         B        C        D         E        F      G
               +---------+---------+-------+---------+---------+-------+---------
         Total |       0 |      36 |   0.0 |       0 |      23 |   0.0 |   803
               +---------+---------+-------+---------+---------+-------+---------
           D:1 |       0 |      28 |   0.0 |       0 |      18 |   0.0 |   669
           D:2 |       0 |       8 |   0.0 |       0 |       5 |   0.0 |   134
               +---------+---------+-------+---------+---------+-------+---------
